 Dungeon Crawl Stone Soup version 0.29-a0-322-g68df515428 (webtiles) character file.

Game seed: 13486658909756030146

120 GigaChad the Chopper (level 4, -5/37 HPs)
             Began as a Minotaur Gladiator on Apr 5, 2022.
             Slain by a gnoll
             ... wielding a +0 spear
              (10 damage)
             ... on level 3 of the Dungeon.
             The game lasted 00:03:03 (1198 turns).

GigaChad the Chopper (Minotaur Gladiator)           Turns: 1198, Time: 00:03:04

Health: -5/37      AC:  3    Str: 21    XL:     4   Next: 75%
Magic:  3/3        EV: 13    Int:  5    God:
Gold:   62         SH:  0    Dex: 11    Spells: 3/3 levels left

rFire   . . .      SeeInvis .   a - +0 war axe
rCold   . . .      Faith    .   (no shield)
rNeg    + . .      Spirit   .   b - +0 leather armour
rPois   .          Reflect  .   c - +0 hat
rElec   .          Harm     .   (no cloak)
rCorr   .          Rampage  .   (no gloves)
Will    .....                   (no boots)
Stlth   +.........              (no amulet)
HPRegen 0.12/turn               f - ring of positive energy
MPRegen 0.08/turn               (no ring)

@: no status effects
A: horns 2, retaliatory headbutt
a: no special abilities


You were on level 3 of the Dungeon.
You visited 1 branch of the dungeon, and saw 3 of its levels.

You collected 62 gold pieces.

Inventory:

Hand Weapons
 a - a +0 war axe (weapon)
Missiles
 d - 3 throwing nets (quivered)
 e - a javelin
Armour
 b - a +0 leather armour (worn)
 c - a +0 hat (worn)
Jewellery
 f - a ring of positive energy (left hand)
Scrolls
 g - a scroll of teleportation {unknown}
 h - 3 scrolls of identify {unknown}
Potions
 i - a potion of berserk rage {unknown}


   Skills:
 + Level 2.7 Fighting
 + Level 5.1 Axes
 + Level 2.2 Throwing
 + Level 1.5 Armour
 + Level 4.4 Dodging


You had 3 spell levels left.
You didn't know any spells.
Your spell library contained the following spells:

 Spells                   Type           Power      Damage    Failure   Level
 Summon Small Mammal      Summ           0%         N/A       52%         1
 Call Canine Familiar     Summ           0%         N/A       88%         3
 Summon Guardian Golem    Hex/Summ       0%         N/A       88%         3


Dungeon Overview and Level Annotations

Branches:
Dungeon (3/15)

Altars:


Innate Abilities, Weirdness & Mutations

You have a pair of horns on your head.
You reflexively headbutt those who attack you in melee.


Message History

You slash the gnoll!
The gnoll is almost dead.
The gnoll barely misses you.
You hit the gnoll but do no damage.
The gnoll is almost dead.
The gnoll hits you with a +0 club.
You closely miss the gnoll.
The gnoll is almost dead.
The gnoll barely misses you.
You barely miss the gnoll.
The gnoll is almost dead.
The gnoll barely misses you. The gnoll hits you with a +0 club.
A gnoll comes into view. It is wielding a +0 spear.
The gnoll misses you.
The gnoll shouts!
You hit the gnoll.
You kill the gnoll!
You closely miss the gnoll. The gnoll misses you.
You hit the gnoll.
The gnoll is moderately wounded.
The gnoll hits you from afar with a +0 spear.
The gnoll hits you with a +0 flail!
You hit the gnoll.
The gnoll is severely wounded.
The gnoll barely misses you. The gnoll hits you with a +0 flail!
The gnoll hits you from afar with a +0 spear.
* * * LOW HITPOINT WARNING * * *
The gnoll hits you with a +0 flail.
* * * LOW HITPOINT WARNING * * *
You slash the gnoll!
You kill the gnoll!
The gnoll barely misses you.
Your Axes skill increases to level 5!
The gnoll misses you. You furiously retaliate!
You headbutt the gnoll! You hit the gnoll.
You kill the gnoll!
The gnoll hits you from afar with a +0 spear.
* * * LOW HITPOINT WARNING * * *
The gnoll hits you with a +0 spear!
You die...

#.........#
##.......####
#..#######.. ###.###
##.# .>....# #..#
......#####.####
......#........#
......#........#########
................@g......
......#).......#########
....<.#).......#
.)....#...........
##################


You could see a gnoll.

Vanquished Creatures
  6 gnolls
  2 adders (D:2)
  A worm (D:3)
  4 ball pythons
  A bat (D:1)
  2 endoplasms (D:1)
  3 giant cockroaches
  6 goblins
  5 hobgoblins
  2 quokkas (D:3)
  A frilled lizard (D:2)
  2 kobolds
  3 rats (D:1)
38 creatures vanquished.

Vanquished Creatures (others)
  A fungus (D:1)
1 creature vanquished.

Grand Total: 39 creatures vanquished

Notes
Turn   | Place    | Note
-------+----------+-------------------------------------------
     0 | D:1      | GigaChad the Minotaur Gladiator began the quest for the
                  | Orb.
     0 | D:1      | Reached XP level 1. HP: 18/18 MP: 0/0
   177 | D:1      | Reached XP level 2. HP: 16/25 MP: 1/1
   213 | D:1      | Reached skill level 4 in Axes
   476 | D:2      | Reached XP level 3. HP: 27/30 MP: 2/2
   852 | D:2      | Reached skill level 1 in Armour
   899 | D:2      | Reached XP level 4. HP: 32/37 MP: 3/3
  1194 | D:3      | Reached skill level 5 in Axes
  1198 | D:3      | Slain by a gnoll

Illustrated notes

Levels and vault maps discovered:
D:1:      dpeg_arrival_water_fire, layout_basic,
          dilly_ecumenical_altar_fadedgnrine
D:2:      layout_basic, serial_glass, glass_columns_c, glass_columns_b,
          due_unseen_surprise
D:3:      layout_rooms, mainiacjoe_overflow_six_doors_small, serial_shops,
          nicolae_diamond_shop

Skill      XL: |  1  2  3  4 |
---------------+-------------+-----
Axes           | 4 5 |  5.1
Dodging        | 4 |  4.4
Armour         | 1 |  1.5
Fighting       | |  2.7
Throwing       | |  2.2

Action                   |  1- 3 |  4- 6 || total
-------------------------+-------+-------++-------
Melee: War axe           |    49 |    28 ||    77
       Headbutt          |     8 |     1 ||     9
       Punch             |     2 |       ||     2
  Use: Scroll            |     1 |       ||     1
Armor: Leather armour    |    15 |     9 ||    24
Dodge: Dodged            |    49 |    16 ||    65

Table legend: (Time is in decaauts)
 A = Elapsed time spent in this place.
 B = Non-inter-level travel time spent in this place.
 C = Inter-level travel time spent in this place.
 D = Time resting spent in this place.
 E = Time spent auto-exploring this place.
 F = Levels seen in this place.
 G = Mean time per level.
                   A        B        C        D        E       F      G
               +--------+--------+--------+--------+--------+-----+--------+
         Total |   1220 |   1220 |      0 |      0 |    676 |   3 |  406.7 |
       Dungeon |   1220 |   1220 |      0 |      0 |    676 |   3 |  406.7 |
               +--------+--------+--------+--------+--------+-----+--------+

Top non-repeatable levels by time:
     D:2: 526 daAuts
     D:1: 473 daAuts
     D:3: 220 daAuts
